 Dungeon Crawl Stone Soup version 0.25.1-2-g60ff931df9 (webtiles) character file.

Game seed: 3120608343621948339

455 Britanger the Magician (level 6, -5/32 HPs)
             Began as a Deep Elf Wizard on Oct 19, 2020.
             Was an Initiate of Sif Muna.
             Shot with a sling bullet by Joseph (15 damage)
             ... on level 7 of the Dungeon.
             The game lasted 00:32:11 (6601 turns).

Britanger the Magician (Deep Elf Wizard)            Turns: 6601, Time: 00:32:11

Health: -5/32      AC:  4    Str:  4    XL:     6   Next: 76%
Magic:  16/17      EV: 14    Int: 24    God:    Sif Muna [......]
Gold:   300        SH:  0    Dex: 14    Spells: 8/17 levels left

rFire    . . .     SeeInvis .   g - +0 hunting sling
rCold    . . .     Gourm    .   (no shield)
rNeg     + . .     Faith    .   a - +1 robe
rPois    .         Spirit   .   b - +0 hat
rElec    .         Reflect  .   A - +0 cloak
rCorr    .         Harm     .   (no gloves)
MR       .....                  (no boots)
Stlth    ++........             w - amulet of inaccuracy (curse)
HPRegen  0.10/turn              k - ring of positive energy
MPRegen  0.15/turn              u - ring of attention (curse)

@: no status effects
A: no striking features
a: Renounce Religion


You were on level 7 of the Dungeon.
You worshipped Sif Muna.
Sif Muna was noncommittal.
You were hungry.

You visited 2 branches of the dungeon, and saw 9 of its levels.

You collected 300 gold pieces.

Inventory:

Hand Weapons
 g - a +0 hunting sling (weapon)
 o - a +0 dagger
Missiles
 f - 3 atropa-tipped darts
 i - 43 bolts
 m - 74 sling bullets (quivered)
Armour
 a - a +1 robe (worn)
 b - a +0 hat (worn)
 A - a +0 cloak (worn)
Jewellery
 k - a ring of positive energy (left hand)
 q - an uncursed ring of stealth
 t - an uncursed amulet of the acrobat
 u - a cursed ring of attention (right hand)
 w - a cursed amulet of inaccuracy (around neck)
 y - an uncursed ring of poison resistance {unknown}
 z - a +4 ring of evasion {unknown}
Scrolls
 c - a scroll of teleportation
 l - a scroll of amnesia
 p - a scroll of magic mapping
 B - a scroll of enchant armour
Potions
 e - 2 potions of stabbing
 h - a potion of lignification {unknown}
 j - a potion of might {unknown}
 n - 2 potions of resistance
 r - a potion of heal wounds {unknown}
 s - a potion of haste {unknown}
 v - a potion of berserk rage {unknown}
 x - a potion of curing {unknown}
Comestibles
 d - 8 rations


   Skills:
 + Level 4.8 Dodging
 + Level 4.0 Stealth
 - Level 6.0 Spellcasting
 * Level 5.0 Conjurations
   Level 1.1 Summonings
 - Level 1.1 Translocations


You had 8 spell levels left.
You knew the following spells:

 Your Spells              Type           Power        Failure   Level  Hunger
a - Magic Dart            Conj           ####         1%          1    None
b - Blink                 Tloc           N/A          8%          2    None
c - Conjure Flame         Conj/Fire      ###.....     9%          3    #......
d - Mephitic Cloud        Conj/Pois/Air  ###.....     12%         3    #......

Your spell library contained the following spells:

 Spells                   Type           Power        Failure   Level  Hunger
 Call Imp                 Summ           ##......     8%          2    None
 Slow                     Hex            #.......     12%         2    None


Dungeon Overview and Level Annotations

Branches:
Dungeon (8/15)             Temple (1/1) D:4
   Lair: D:8-11

Altars:
Ashenzari
Cheibriados
Dithmenos
Elyvilon
Fedhas
Gozag
Hepliaklqana
Kikubaaqudgha
Makhleb
Nemelex Xobeh
Okawaru
Sif Muna
Trog
Uskayaw
Wu Jian
Xom
Yredelemnul
Zin
The Shining One

Annotations:
D:7 Joseph


Message History

Joseph unwields a +1 quarterstaff of protection.
Joseph wields a +5 hunting sling of flaming.
It bursts into flame!
Joseph shoots a sling bullet.
The sling bullet completely misses you.
You see here a sling bullet.
Joseph shoots a sling bullet.
The sling bullet hits you!!
Ouch! That really hurt!
* * * LOW HITPOINT WARNING * * *
The sling bullet burns you.
* * * LOW HITPOINT WARNING * * *
Joseph shoots a sling bullet.
The sling bullet misses you.
You see here a sling bullet.
Casting: Magic Dart (safe; 1% risk of failure)
Confirm with . or Enter, or press ? or * to list all spells.
The spell is quite dangerous to cast (9% risk of failure)!
Continue anyway?
The fire begins to smolder!
The fire ignites!
Joseph shoots a sling bullet.
The sling bullet misses you.
Joseph shoots a sling bullet.
The sling bullet hits you!
You die...

#####.###.#...######..........##.
#)....#...# ######......#
#######...# #.####.# #...# ### .#
#...#####@. # ##.......#.#
#.......##.# #.......##.#
#......@...# #.......#..#
#.....###..##########
#@###.#.(.(.......(.#
#.....#.............#
#..####.............#
#..##...............#
#............########
#.###...##...#


You could see Joseph.

Vanquished Creatures
  2 ogres
  2 howler monkeys
  A gnoll shaman (D:7)
  A worker ant (D:4)
  A howler monkey skeleton (D:4)
  6 adders
  4 oozes
  2 adder skeletons
  A worm (D:3)
  3 dart slugs
  2 leopard geckos
  4 orcs (D:4)
  5 bats
  2 giant cockroaches
  6 goblins
  2 hobgoblins
  6 jackals
  A quokka (D:3)
  4 frilled lizards
  3 kobolds
  A leopard gecko skeleton (D:4)
  7 rats
66 creatures vanquished.

Notes
Turn   | Place    | Note
-------+----------+-------------------------------------------
     0 | D:1      | Britanger the Deep Elf Wizard began the quest for the Orb.
     0 | D:1      | Reached XP level 1. HP: 10/10 MP: 7/7
   375 | D:1      | Reached XP level 2. HP: 7/15 MP: 0/9
   866 | D:1      | Reached skill level 5 in Spellcasting
  1393 | D:2      | Reached XP level 3. HP: 3/19 MP: 2/11
  1663 | D:2      | Learned a level 2 spell: Blink
  2119 | D:2      | You fall into a shaft and drop 1 floor!
  2230 | D:2      | Reached XP level 4. HP: 24/24 MP: 5/13
  2912 | D:3      | Reached skill level 6 in Spellcasting
  2917 | D:3      | Learned a level 3 spell: Conjure Flame
  2921 | D:3      | Learned a level 3 spell: Mephitic Cloud
  3505 | D:5      | Entered Level 5 of the Dungeon
  3575 | D:4      | Reached XP level 5. HP: 20/28 MP: 7/15
  4817 | D:4      | Noticed an ogre
  4878 | D:4      | Killed an ogre
  4878 | D:4      | Reached XP level 6. HP: 32/32 MP: 7/17
  5070 | D:4      | Found a staircase to the Ecumenical Temple.
  5670 | D:5      | Noticed an ice beast
  5685 | Temple   | Entered the Ecumenical Temple
  6045 | Temple   | Became a worshipper of Sif Muna the Loreminder
  6115 | D:5      | Found a shattered altar of Ashenzari.
  6151 | D:7      | Reached skill level 5 in Conjurations
  6579 | D:7      | Noticed Joseph
  6601 | D:7      | Shot with a sling bullet by Joseph

Illustrated notes

Levels and vault maps discovered:
D:1:      wheals_arrival_linesprint, layout_loops_cross
D:2:      layout_basic
D:3:      layout_loops_corners
D:4:      layout_layer_cave, minmay_temple_entry_from_below_a
D:5:      layout_cave_pools, first_ration, basic_altar
D:6:      layout_loops_cross, nicolae_qazlal_general_emergency,
          minmay_mini_ossuary
D:7:      layout_basic, minmay_overflow_temple_star_quad, uniq_duvessa,
          uniq_joseph
D:8:      layout_loops_corners, uniq_maggie, uniq_grum
Temple:   dpeg_five_rooms_temple

Skill      XL: |  1  2  3  4  5  6 |
---------------+-------------------+-----
Spellcasting   | 5 6 |  6.0
Dodging        | 3 4 |  4.8
Conjurations   | 2 3 4 5 |  5.0
Stealth        | 3 4 |  4.0
Summonings     | |  1.1
Translocations | |  1.1

Action                   |  1- 3 |  4- 6 || total
-------------------------+-------+-------++-------
 Cast: Magic Dart        |    82 |   148 ||   230
       Conjure Flame     |       |     9 ||     9
       Blink             |       |    11 ||    11
  Use: Scroll            |     5 |     3 ||     8
  Eat: Chunk             |     4 |    12 ||    16
Armor: Robe              |     3 |     2 ||     5
Dodge: Dodged            |    10 |    13 ||    23
